 Dungeon Crawl Stone Soup version 0.22.1-6-g1668fe2 (webtiles) character file.

1394 Inchmeat the Cleaver (level 8, -1/62 HPs)
             Began as a Hill Orc Gladiator on Jan 24, 2019.
             Was a Believer of Makhleb.
             Slain by an ogre
             ... wielding a +0 giant club
              (19 damage)
             ... on level 6 of the Dungeon.
             The game lasted 00:08:04 (5899 turns).

Inchmeat the Cleaver (Hill Orc Gladiator)           Turns: 5899, Time: 00:08:05

Health: -1/62      AC: 13    Str: 19    XL:     8   Next: 68%
Magic:  10/10      EV: 10    Int:  6    God:    Makhleb [**....]
Gold:   300        SH:  0    Dex: 12    Spells: 7/7 levels left

rFire    + + .     SeeInvis .   E - +2 battleaxe (curse)
rCold    . . .     Gourm    +   (shield currently unavailable)
rNeg     . . .     Faith    .   k - +0 scale mail
rPois    .         Spirit   .   c - +0 helmet
rElec    .         Reflect  .   w - +0 cloak
rCorr    .         Harm     .   t - +1 pair of gloves
MR       .....                  (no boots)
Stlth    +.........             e - amulet of the gourmand
HPRegen  0.20/turn              s - ring of Doubts {rF++ Int-2 Stlth+}
MPRegen  0.12/turn              n - +3 ring of protection

@: no status effects
A: no striking features
a: Minor Destruction, Renounce Religion


You were on level 6 of the Dungeon.
You worshipped Makhleb.
Makhleb was pleased with you.
You were not hungry.

You visited 1 branch of the dungeon, and saw 6 of its levels.

You collected 300 gold pieces.

Inventory:

Hand Weapons
 a - a +2 war axe
 r - a +3 falchion of electrocution
 x - the cursed +0 dagger "Adoemaer" {speed, rF+ MR+ Dex+4}
   (You found it on level 5 of the Dungeon)

   Attacks with this weapon are significantly faster.
   It affects your dexterity (+4).
   It protects you from fire.
   It affects your resistance to hostile enchantments.
   It has a curse placed upon it.
 E - a cursed +2 battleaxe (weapon)
Missiles
 d - a throwing net (quivered)
 h - 3 tomahawks of returning
 u - an exploding tomahawk
Armour
 c - a +0 helmet (worn)
 k - a +0 scale mail (worn)
 t - a +1 pair of gloves (worn)
 w - a +0 cloak (worn)
Jewellery
 e - an amulet of the gourmand (around neck)
 m - an uncursed ring of wizardry
 n - a +3 ring of protection (right hand)
 s - the ring of Doubts (left hand) {rF++ Int-2 Stlth+}
   (You found it on level 4 of the Dungeon)

   [ring of stealth]

   It affects your intelligence (-2).
   It greatly protects you from fire.
   It makes you more stealthy.
 v - an uncursed amulet of magic regeneration
 y - an uncursed ring of protection from fire
 A - a cursed -2 ring of strength {unknown}
Wands
 l - a wand of enslavement (8)
 z - a wand of iceblast (11)
 B - a wand of paralysis (8)
Scrolls
 C - a scroll of enchant armour {unknown}
Potions
 b - a potion of cancellation {unknown}
 g - a potion of ambrosia {unknown}
 i - a potion of curing {unknown}
 j - 3 potions of mutation {unknown}
 o - a potion of invisibility {unknown}
 p - 3 potions of heal wounds {unknown}
 q - 2 potions of brilliance {unknown}
Comestibles
 f - 12 rations


   Skills:
 + Level 2.8 Fighting
 * Level 13.1 Axes
 - Level 1.7 Throwing
 - Level 2.4 Dodging
 - Level 3.0 Invocations


You had 7 spell levels left.
You didn't know any spells.
Your spell library contained the following spells:

 Spells                   Type           Power        Failure   Level  Hunger
 Corpse Rot               Necr           N/A          94%         2    ###....
 Sublimation of Blood     Necr           #.........   94%         2    ###....
 Agony                    Necr           #.......     100%        5    ######.
 Bolt of Draining         Conj/Necr      #.........   100%        5    ######.
 Dispel Undead            Necr           #.......     100%        5    ######.
 Excruciating Wounds      Chrm/Necr      #.........   100%        5    ######.


Dungeon Overview and Level Annotations

Branches:
Dungeon (6/15)             Temple (0/1) D:5

Altars:
Fedhas
Hepliaklqana
Makhleb
Qazlal
Ru
Wu Jian
Xom
Yredelemnul
Zin


Message History

The ogre shouts!
An ogre is nearby!
An ogre is nearby!
An ogre is nearby!
The ogre hits you with a giant club!
You barely miss the ogre. You slash the ogre!
The ogre is severely wounded.
The ogre hits you with a giant club!!
* * * LOW HITPOINT WARNING * * *
You are too injured to fight recklessly!
You are too injured to fight recklessly!
You are too injured to fight recklessly!
Throwing (i - inventory. (/) - cycle)
d - 2 throwing nets (quivered)
Press: ? - help, Shift-Dir - straight line, f - ogre
Aim: an ogre, wielding a giant club (severely wounded)
You throw a throwing net.
The throwing net barely misses the ogre.
The ogre hits you with a giant club!!
You die...

.).......##.#.##
#.............#
#.#########.###
#.# #.#
#####.#######
#......>....#
#.###.#####.#
#@# #.### #.#
#O# #...# #.#
#.# ###.# #.#
#.# #.# #.# #.#
#.# #.# #.# #.#
#.#
#.#####.###.#
#(..........#
#######.#####


You could see an ogre.

Vanquished Creatures
  Duvessa (D:5)
  2 ogres (D:5)
  A phantom (D:5)
  2 centaurs
  A bullfrog (D:5)
  Dowan (D:5)
  3 wights (D:6)
  A centaur zombie (D:5)
  A jelly (D:5)
  A centaur skeleton (D:5)
  An orc priest (D:5)
  An orc wizard (D:5)
  3 worker ants
  A bullfrog skeleton (D:5)
  3 iguanas
  A hound skeleton (D:5)
  A worker ant zombie (D:5)
  7 gnolls
  9 adders
  A shadow imp (D:6)
  2 oozes (D:3)
  An adder skeleton (D:6)
  A worm (D:2)
  5 dart slugs
  3 leopard geckos
  20 orcs
  2 ball pythons
  2 bats (D:2)
  4 giant cockroaches
  3 goblins
  7 hobgoblins
  8 jackals
  6 kobolds
  A quokka (D:3)
  9 frilled lizards
  A jackal zombie (D:5)
  A leopard gecko skeleton (D:5)
  A quokka zombie (D:5)
  3 rats
  2 fungi (D:2)
124 creatures vanquished.

Notes
Turn   | Place    | Note
-------+----------+-------------------------------------------
     0 | D:1      | Inchmeat the Hill Orc Gladiator began the quest for the
                  | Orb.
     0 | D:1      | Reached XP level 1. HP: 18/18 MP: 1/1
   265 | D:1      | Reached XP level 2. HP: 22/25 MP: 2/2
   309 | D:1      | Reached skill level 5 in Axes
   665 | D:1      | Reached XP level 3. HP: 30/30 MP: 3/3
   763 | D:1      | Reached skill level 6 in Axes
  1255 | D:1      | Reached XP level 4. HP: 20/37 MP: 4/4
  1668 | D:2      | Found a blossoming altar of Fedhas.
  1669 | D:2      | Found a stormy altar of Qazlal.
  1792 | D:2      | Reached skill level 7 in Axes
  1822 | D:2      | Found a hazy altar of Hepliaklqana.
  1891 | D:2      | Reached XP level 5. HP: 41/42 MP: 5/5
  1895 | D:2      | Found a hazy altar of Hepliaklqana.
  2079 | D:3      | Found a shimmering altar of Xom.
  2107 | D:3      | Found a sacrificial altar of Ru.
  2107 | D:3      | Found a burning altar of Makhleb.
  2126 | D:3      | Became a worshipper of Makhleb the Destroyer
  2859 | D:4      | Found a shimmering altar of Xom.
  2859 | D:4      | Found a glowing silver altar of Zin.
  2859 | D:4      | Noticed an angel
  3067 | D:4      | Found a basalt altar of Yredelemnul.
  3137 | D:4      | Got a pitted turquoise ring
  3193 | D:4      | Reached skill level 8 in Axes
  3459 | D:5      | Entered Level 5 of the Dungeon
  3496 | D:5      | Noticed a phantom
  3498 | D:5      | Reached XP level 6. HP: 46/50 MP: 6/6
  3508 | D:5      | Reached skill level 1 in Invocations
  3520 | D:5      | Reached * piety under Makhleb
  3521 | D:5      | Killed a phantom
  3521 | D:5      | Reached skill level 9 in Axes
  3692 | D:5      | Identified the ring of Doubts {rF++ Int-2 Stlth+} (You
                  | found it on level 4 of the Dungeon)
  3718 | D:5      | Found an ornate altar of the Wu Jian Council.
  3845 | D:5      | Found a staircase to the Ecumenical Temple.
  3848 | D:5      | Got a fine dagger
  4252 | D:5      | Identified the cursed +0 dagger "Adoemaer" {speed, rF+ MR+
                  | Dex+4} (You found it on level 5 of the Dungeon)
  4325 | D:5      | Reached XP level 7. HP: 54/56 MP: 8/8
  4358 | D:5      | Noticed Duvessa
  4358 | D:5      | Noticed Dowan
  4367 | D:5      | Killed Duvessa
  4367 | D:5      | Reached skill level 10 in Axes
  4387 | D:5      | Killed Dowan
  4691 | D:5      | Reached skill level 11 in Axes
  4819 | D:5      | Reached XP level 8. HP: 56/62 MP: 10/10
  4830 | D:5      | Reached ** piety under Makhleb
  5119 | D:5      | Reached skill level 12 in Axes
  5562 | D:6      | Noticed Sigmund
  5824 | D:6      | Reached skill level 13 in Axes
  5899 | D:6      | Slain by an ogre

Skill      XL: |  1  2  3  4  5  6  7  8 |
---------------+-------------------------+-----
Axes           | 5 6 7 8 9 11 13 | 13.1
Invocations    | 1 2 3 |  3.0
Fighting       | |  2.8
Throwing       | |  1.7
Dodging        | |  2.4

Action                   |  1- 3 |  4- 6 |  7- 9 || total
-------------------------+-------+-------+-------++-------
Melee: War axe           |    69 |   205 |   108 ||   382
       Battleaxe         |       |       |     7 ||     7
Throw: Throwing net      |       |     1 |     3 ||     4
       Tomahawk          |       |       |     4 ||     4
  Use: Potion            |     2 |       |       ||     2
       Scroll            |       |     8 |     2 ||    10
 Stab: Held in net/web   |       |       |     1 ||     1
  Eat: Chunk             |       |    23 |     1 ||    24
Armor: Ring mail         |    30 |    41 |       ||    71
       Leather armour    |     1 |       |       ||     1
       Skin              |     7 |       |       ||     7
       Scale mail        |       |    48 |    46 ||    94
Dodge: Dodged            |    47 |   133 |    55 ||   235
